 Dungeon Crawl Stone Soup version 0.28-b1-25-g9875b3fc8c (webtiles) character file.

Game seed: 4750848923011927952

2 zeram the Covered (level 1, -1/14 HPs)
             Began as a Gargoyle Fighter on Feb 2, 2022.
             Frozen to death by an endoplasm (3 damage)
             ... on level 1 of the Dungeon.
             The game lasted 00:00:14 (97 turns).

zeram the Covered (Gargoyle Fighter)                  Turns: 97, Time: 00:00:14

Health: -1/14      AC:  9    Str: 19    XL:     1   Next: 40%
Magic:  1/1        EV:  9    Int:  8    God:
Gold:   0          SH:  4    Dex:  9    Spells: 0/0 levels left

rFire   . . .      SeeInvis .   a - +0 flail
rCold   . . .      Faith    .   c - +0 buckler
rNeg    + . .      Spirit   .   b - +0 scale mail
rPois   ∞          Reflect  .   (no helmet)
rElec   +          Harm     .   (no cloak)
rCorr   .          Rampage  .   (no gloves)
Will    .....                   (no boots)
Stlth   ..........              (no amulet)
HPRegen 0.04/turn               (no ring)
MPRegen 0.07/turn               (no ring)

@: attractive
A: sickness immunity, AC +2, negative energy resistance 1, electricity
resistance, torment resistance 1, petrification resistance
a: no special abilities


You were on level 1 of the Dungeon.
You visited 1 branch of the dungeon, and saw 1 of its levels.

Inventory:

Hand Weapons
 a - a +0 flail (weapon)
Armour
 b - a +0 scale mail (worn)
 c - a +0 buckler (worn)
Potions
 d - a potion of might
 e - a potion of attraction


   Skills:
 + Level 3.3 Fighting
 + Level 2.0 Maces & Flails
 + Level 3.3 Armour
 + Level 3.3 Shields


You couldn't memorise any spells.
You didn't know any spells.
Your spell library was empty.

Dungeon Overview and Level Annotations

Branches:
Dungeon (1/15)

Altars:


Innate Abilities, Weirdness & Mutations

You are immune to sickness and miasma.
Your stone body is resilient. (AC +2)
You are immune to poison.
You resist negative energy. (rN+)
You are resistant to electric shocks. (rElec)
You are resistant to unholy torment.
You are immune to petrification.


Message History

You closely miss the kobold. The kobold hits you but does no damage.
You closely miss the kobold. The endoplasm freezes you.
You are frozen.
The kobold hits you but does no damage.
The endoplasm hits you but does no damage.
You closely miss the kobold. The kobold hits you with a +0 dagger.
The endoplasm freezes you.
You are frozen.
* * * LOW HITPOINT WARNING * * *
The kobold hits you but does no damage.
You are too injured to fight recklessly!
You are too injured to fight recklessly!
You are too injured to fight recklessly!
You are too injured to fight recklessly!
You are too injured to fight recklessly!
You are too injured to fight recklessly!
You are too injured to fight recklessly!
You are too injured to fight recklessly!
You are too injured to fight recklessly!
You are too injured to fight recklessly!
You are too injured to fight recklessly!
You are too injured to fight recklessly!
You are too injured to fight recklessly!
You are too injured to fight recklessly!
You are too injured to fight recklessly!
You are too injured to fight recklessly!
You are too injured to fight recklessly!
You are too injured to fight recklessly!
You are too injured to fight recklessly!
You are too injured to fight recklessly!
You are too injured to fight recklessly!
You are too injured to fight recklessly!
Unknown command.
It was a potion of attraction.
You feel attractive to monsters. The endoplasm barely misses you.
The kobold barely misses you.
You barely miss the kobold. You block the goblin's attack.
The endoplasm freezes you.
You are frozen.
You die...

#..(...#
#........#
#......#
#........#
#......#
####...###
#......#
#...#
#......#
#...########
#......#
#...........
##.#####
#.#.########
#+#
#.#.g......
#.#@K......
#.##J......
....###
....# ....#
....# .....
......


You could see an endoplasm, a goblin and a kobold.

Vanquished Creatures
  An endoplasm (D:1)
  A quokka (D:1)
2 creatures vanquished.

Notes
Turn   | Place    | Note
-------+----------+-------------------------------------------
     0 | D:1      | zeram the Gargoyle Fighter began the quest for the Orb.
     0 | D:1      | Reached XP level 1. HP: 14/14 MP: 1/1
    97 | D:1      | Frozen to death by an endoplasm

Illustrated notes

Levels and vault maps discovered:
D:1:      dpeg_arrival_signposts, layout_basic, item_on_display_a

Action                   || total
-------------------------++-------
Melee: Flail             ||    10
  Use: Potion            ||     1
Armor: Scale mail        ||     8
Dodge: Dodged            ||     4
Block: Buckler           ||     1
